 Dungeon Crawl Stone Soup version 0.20.1-1-g8b1a95d (webtiles) character file.

9326 Gremour the Severer (level 11, -13/97 HPs)
             Began as a Hill Orc Abyssal Knight on Oct 30, 2017.
             Was a High Priest of Lugonu.
             Engulfed by a fire crab (shapeshifter)'s flame (20 damage)
             ... on level 8 of the Dungeon.
             The game lasted 00:59:34 (10297 turns).

Gremour the Severer (Hill Orc Abyssal Knight)      Turns: 10297, Time: 00:59:35

Health: -13/97     AC: 10    Str: 16    XL:     11   Next: 44%
Magic:  8/9        EV: 14    Int: 12    God:    Lugonu [*****.]
Gold:   544        SH:  0    Dex: 13    Spells: 10/10 levels left

rFire    . . .     SeeInvis +   a - +3 war axe (freeze)
rCold    . . .     Gourm    .   (no shield)
rNeg     . . .     Faith    .   v - +3 ring mail
rPois    .         Spirit   .   (no helmet)
rElec    .         Reflect  .   (no cloak)
rCorr    +         Harm     .   (no gloves)
MR       +....                  y - +0 pair of boots
Stlth    +.........             F - amulet of rage
Regen    0.3/turn               D - ring of resist corrosion
MPRegen  0.2/turn               f - +2 ring of evasion

@: no status effects
A: see invisible, low mp 3, magic resistance 1, MP-powered wands
a: Depart the Abyss, Bend Space, Banish, Corrupt, Enter the Abyss, Renounce
Religion, Evoke Berserk Rage


You were on level 8 of the Dungeon.
You worshipped Lugonu.
Lugonu was extremely pleased with you.
You were not hungry.

You visited 2 branches of the dungeon, and saw 9 of its levels.
You visited the Abyss 1 time.
You also visited: Ossuary.

You collected 544 gold pieces.

Inventory:

Hand Weapons
 a - a +3 war axe of freezing (weapon)
 b - a +3 hand axe of flaming
 E - a +2 halberd of venom
 G - a +2 war axe
 H - a cursed +3 hand axe
Missiles
 j - 2 javelins (quivered)
Armour
 d - a +2 chain mail of fire resistance
 m - a +2 leather armour of fire resistance
 v - a +3 ring mail (worn)
 y - a +0 pair of boots (worn)
 I - a +2 robe of positive energy
Jewellery
 e - an uncursed ring of stealth
 f - a +2 ring of evasion (right hand)
 g - an uncursed ring of teleportation
 q - a +2 ring of intelligence
 u - an uncursed ring of protection from cold
 z - an uncursed ring of flight
 D - a ring of resist corrosion (left hand)
 F - an amulet of rage (around neck)
Scrolls
 i - a scroll of recharging
 k - 5 scrolls of fear
 l - 6 scrolls of identify
 w - 2 scrolls of immolation
 K - a scroll of remove curse
Potions
 h - 2 potions of lignification
 p - a potion of flight
 r - 4 potions of degeneration {unknown}
 s - 4 potions of might
 t - 5 potions of curing {unknown}
 x - a potion of brilliance {unknown}
 A - 2 potions of haste {unknown}
Books
 B - a Young Poisoner's Handbook

   Spells                             Type                      Level
   a - Sting                          Conjuration/Poison           1
   b - Poisonous Vapours              Poison/Air                   2
   c - Mephitic Cloud                 Conjuration/Poison/Air       3
   d - Olgreb's Toxic Radiance        Poison                       4
   e - Venom Bolt                     Conjuration/Poison           5
 J - a book of Clouds

   Spells                             Type                      Level
   a - Poisonous Vapours              Poison/Air                   2
   b - Mephitic Cloud                 Conjuration/Poison/Air       3
   c - Conjure Flame                  Conjuration/Fire             3
   d - Freezing Cloud                 Conjuration/Ice/Air          6
   e - Ring of Flames                 Charms/Fire                  7
Comestibles
 c - 3 bread rations
 n - 8 royal jellies
 o - 12 fruits
 C - 5 meat rations


   Skills:
 * Level 9.6 Fighting
 + Level 16.1 Axes
 * Level 7.3 Armour
 * Level 3.5 Dodging
 + Level 0.8 Stealth
 * Level 4.3 Invocations
 + Level 3.6 Evocations


You had 10 spell levels left.
You didn't know any spells.

Dungeon Overview and Level Annotations

Branches:
Dungeon (8/15)             Temple (1/1) D:6            Lair (0/6) D:8

Altars:
Dithmenos
Fedhas
Gozag
Hepliaklqana
Nemelex Xobeh
Okawaru
Qazlal
Ru
Sif Muna
Trog
Uskayaw
Vehumet
Xom
Yredelemnul
The Shining One
Lugonu

Shops:
D:4 [   D:6 %


Innate Abilities, Weirdness & Mutations

You have supernaturally acute eyesight. (SInv)
Your magical capacity is extremely low. (-30% MP)
You are resistant to hostile enchantments. (MR+)
You expend magic power (3 MP) to strengthen your wands.


Message History

The blast of flame engulfs you!
You are engulfed in blazing flames.
You are engulfed in blazing flames.
You are engulfed in blazing flames.
You barely miss the fire crab.
The fire crab is lightly wounded.
The fire crab bites you but does no damage.
The fire crab claws you.
You are engulfed in flames!
You barely miss the fire crab.
The fire crab is lightly wounded.
The fire crab breathes flames at you. The blast of flame engulfs you!
You are engulfed in blazing flames.
* * * LOW HITPOINT WARNING * * *
Found a potion of lignification.
You are engulfed in blazing flames.
* * * LOW HITPOINT WARNING * * *
Okay, then.
Space bends around you!
You blink.
You are engulfed in blazing flames.
You die...

.# .# #.###.##
#.# #.#
#.#.#.#.## #.#
#!#.# #.###.#
#.# #.#
#.#.#.##
#.#.#.#.###.##
#.###.###.#.##
#§#§#§#.###§#
##t###.###§##
#@#§#.#§#§#
#§###§###§# ##
### ###


You could see a fire crab.

Vanquished Creatures
  A hydra (D:8)
  4 two-headed ogres
  A komodo dragon (D:8)
  The ghost of Ymberto the Thaumaturge, a novice DECj (D:5)
  2 hippogriffs
  2 dream sheep (D:8)
  2 yaks (D:8)
  A hungry ghost (D:7)
  3 water moccasins (D:7)
  An orc warrior (D:7)
  2 ice beasts
  A necrophage (D:8)
  2 phantoms
  3 sky beasts
  2 ogres
  4 centaurs
  3 big kobolds (D:8)
  4 bullfrogs
  A gnoll sergeant (D:5)
  5 water moccasin zombies (Ossuary)
  7 wights (D:8)
  5 howler monkeys
  5 crimson imps
  2 hounds
  A quasit (D:8)
  2 bullfrog zombies (D:5)
  A centaur skeleton (D:7)
  2 bullfrog skeletons
  2 orc priests
  9 orc wizards
  11 worker ants
  A killer bee zombie (D:7)
  A big kobold zombie (Ossuary)
  A hound zombie (D:7)
  3 hound skeletons
  2 mummies (Ossuary)
  A howler monkey zombie (D:7)
  13 gnolls
  12 adders
  2 shadow imps
  An ooze (D:4)
  4 adder zombies (Ossuary)
  An adder skeleton (D:5)
  5 worms
  5 dart slugs
  7 leopard geckos
  34 orcs
  3 ball pythons
  8 bats
  3 giant cockroaches
  A gnoll zombie (Ossuary)
  12 hobgoblins
  16 jackals
  6 kobolds
  4 quokkas
  11 frilled lizards
  A giant cockroach zombie (D:5)
  7 goblins
  5 hobgoblin zombies (Ossuary)
  A jackal skeleton (D:5)
  5 kobold zombies (Ossuary)
  2 leopard gecko zombies
  4 orc zombies (Ossuary)
  6 rats
  2 demonic plants (Temple)
282 creatures vanquished.

Vanquished Creatures (others)
  A sky beast (D:5)
  3 plants (D:8)
4 creatures vanquished.

Grand Total: 286 creatures vanquished

Notes
Turn   | Place    | Note
-------+----------+-------------------------------------------
     0 | Abyss:1  | Gremour the Hill Orc Abyssal Knight began the quest for the Orb.
     0 | Abyss:1  | Reached XP level 1. HP: 19/19 MP: 2/2
    63 | Abyss:1  | Noticed a thrashing horror
    65 | D:1      | Escaped the Abyss
   254 | D:1      | Reached * piety under Lugonu
   282 | D:1      | Reached skill level 3 in Axes
   282 | D:1      | Reached XP level 2. HP: 20/27 MP: 3/3
   560 | D:1      | Reached skill level 4 in Axes
   562 | D:1      | Reached XP level 3. HP: 26/33 MP: 4/4
  1103 | D:2      | Found a basalt altar of Yredelemnul.
  1111 | D:2      | Found a blossoming altar of Fedhas.
  1471 | D:2      | Reached skill level 5 in Axes
  1471 | D:2      | Reached XP level 4. HP: 37/40 MP: 5/5
  1488 | D:2      | Reached ** piety under Lugonu
  1824 | D:2      | Reached skill level 6 in Axes
  2014 | D:2      | Found a shimmering altar of Xom.
  2244 | D:2      | Reached XP level 5. HP: 42/46 MP: 6/6
  2313 | D:3      | Reached skill level 7 in Axes
  2872 | D:3      | Reached XP level 6. HP: 45/52 MP: 7/7
  3404 | D:3      | Reached *** piety under Lugonu
  3410 | D:3      | Found a bloodstained altar of Trog.
  3415 | D:3      | Found a sacrificial altar of Ru.
  3419 | D:3      | Found a radiant altar of Vehumet.
  3602 | D:3      | Reached skill level 8 in Axes
  3802 | D:4      | Noticed a phantom
  3850 | D:4      | Killed a phantom
  3850 | D:4      | Reached skill level 9 in Axes
  3850 | D:4      | Reached XP level 7. HP: 35/58 MP: 8/8
  4011 | D:4      | Found Oroqom's Armour Shop.
  4223 | D:4      | Found an opulent altar of Gozag.
  4676 | D:4      | Reached skill level 10 in Axes
  4851 | D:5      | Entered Level 5 of the Dungeon
  4963 | D:5      | Found a sand-covered staircase.
  4968 | Ossuary  | Entered an ossuary
  5128 | Ossuary  | Reached skill level 11 in Axes
  5146 | Ossuary  | Reached XP level 8. HP: 37/66 MP: 9/9
  5480 | Ossuary  | Reached **** piety under Lugonu
  5498 | Ossuary  | Reached skill level 12 in Axes
  5671 | D:5      | Reached skill level 13 in Axes
  5698 | D:5      | Noticed Ymberto's ghost (novice DECj)
  5703 | D:5      | Reached XP level 9. HP: 30/71 MP: 10/10
  5705 | D:5      | Gained mutation: You are frail. (-10% HP) [potion of mutation]
  5705 | D:5      | Gained mutation: Your muscles are strong. (Str +2) [potion of mutation]
  5705 | D:5      | Gained mutation: You are partially covered in slimy green scales. (AC +2) [potion of mutation]
  5716 | D:5      | Killed Ymberto's ghost
  5716 | D:5      | Reached skill level 14 in Axes
  5760 | D:5      | Gained mutation: You tend to lose your temper in combat. [mutagenic meat]
  5761 | D:5      | Gained mutation: You often lose your temper in combat. [mutagenic meat]
  5762 | D:5      | Gained mutation: You are clumsy. (Dex -2) [mutagenic meat]
  5764 | D:5      | Lost mutation: Your muscles are strong. (Str +2) [potion of mutation]
  5764 | D:5      | Lost mutation: You are clumsy. (Dex -2) [potion of mutation]
  5764 | D:5      | Lost mutation: You are frail. (-10% HP) [potion of mutation]
  5764 | D:5      | Lost mutation: You often lose your temper in combat. [potion of mutation]
  5764 | D:5      | Gained mutation: Your magical capacity is low. (-10% MP) [potion of mutation]
  5764 | D:5      | Gained mutation: You have supernaturally acute eyesight. (SInv) [potion of mutation]
  5764 | D:5      | Gained mutation: Your magical capacity is very low. (-20% MP) [potion of mutation]
  5764 | D:5      | Gained mutation: You are resistant to hostile enchantments. (MR+) [potion of mutation]
  6173 | D:6      | Found a shadowy altar of Dithmenos.
  6549 | D:6      | Found a staircase to the Ecumenical Temple.
  6555 | Temple   | Entered the Ecumenical Temple
  6693 | D:6      | Found Otweuk's Food Shoppe.
  6893 | D:6      | Reached skill level 5 in Fighting
  7114 | D:7      | Reached skill level 1 in Evocations
  7118 | D:7      | Gained mutation: You are occasionally teleported next to monsters. [mutagenic meat]
  7121 | D:7      | Gained mutation: You are agile. (Dex +2) [mutagenic meat]
  7122 | D:7      | Gained mutation: Your magical capacity is extremely low. (-30% MP) [mutagenic meat]
  7124 | D:7      | Lost mutation: You are occasionally teleported next to monsters. [potion of mutation]
  7124 | D:7      | Lost mutation: You are resistant to hostile enchantments. (MR+) [potion of mutation]
  7124 | D:7      | Lost mutation: You tend to lose your temper in combat. [potion of mutation]
  7124 | D:7      | Lost mutation: You are agile. (Dex +2) [potion of mutation]
  7124 | D:7      | Lost mutation: You are partially covered in slimy green scales. (AC +2) [potion of mutation]
  7124 | D:7      | Gained mutation: You expend magic power (3 MP) to strengthen your wands. [potion of mutation]
  7124 | D:7      | Gained mutation: You are resistant to hostile enchantments. (MR+) [potion of mutation]
  7190 | D:7      | Reached ***** piety under Lugonu
  7191 | D:7      | Paralysed by fainting for 9 turns
  7204 | D:7      | Reached skill level 15 in Axes
  7271 | D:7      | Noticed a two-headed ogre
  7283 | D:7      | Killed a two-headed ogre
  7283 | D:7      | Reached skill level 5 in Armour
  7283 | D:7      | Reached XP level 10. HP: 29/84 MP: 8/8
  8322 | D:7      | Reached skill level 1 in Dodging
  8758 | D:8      | Noticed a two-headed ogre
  8771 | D:8      | Killed a two-headed ogre
  9103 | D:8      | Found a sparkling altar of Nemelex Xobeh.
  9428 | D:8      | Noticed a three-headed hydra
  9434 | D:8      | Killed a one-headed hydra
  9434 | D:8      | Reached XP level 11. HP: 91/95 MP: 9/9
  9529 | D:8      | Reached skill level 16 in Axes
  9848 | D:8      | Noticed a two-headed ogre
  9857 | D:8      | Killed a two-headed ogre
  9880 | D:8      | Found a staircase to the Lair.
 10217 | D:8      | Noticed a two-headed ogre
 10224 | D:8      | Killed a two-headed ogre
 10286 | D:8      | Noticed a fire crab
 10297 | D:8      | Engulfed by a fire crab (shapeshifter)'s flame

Skill      XL: |  1  2  3  4  5  6  7  8  9 10 11 |
---------------+----------------------------------+-----
Axes           | 3 4 5 6 7 9 11 13 15 16 | 16.1
Fighting       | 6 8 9 |  9.6
Armour         | 5 7 |  7.3
Evocations     | 2 3 |  3.6
Dodging        | 2 3 |  3.5
Invocations    | 3 4 |  4.3
Stealth        | |  0.8

Action                   |  1- 3 |  4- 6 |  7- 9 | 10-12 || total
-------------------------+-------+-------+-------+-------++-------
Melee: Hand axe          |   117 |   187 |       |    16 ||   320
       War axe           |       |    68 |   535 |   292 ||   895
Throw: Javelin           |     1 |       |       |       ||     1
Invok: Depart the Abyss  |     1 |       |       |       ||     1
       Bend Space        |       |       |       |     1 ||     1
 Abil: Evoke Berserk Rag |       |       |     2 |     1 ||     3
  Use: Scroll            |     2 |     9 |     4 |     2 ||    17
       Potion            |     1 |       |     9 |     1 ||    11
 Stab: Sleeping          |       |     1 |     1 |       ||     2
  Eat: Chunk             |     2 |     7 |    16 |    10 ||    35
       Fruit             |       |     1 |     1 |       ||     2
       Bread ration      |       |       |     2 |       ||     2
       Meat ration       |       |       |       |     1 ||     1
Armor: Leather armour    |    29 |       |       |       ||    29
       Ring mail         |     1 |    17 |   154 |    74 ||   246
       Chain mail        |       |   103 |       |       ||   103
       Skin              |       |       |    29 |     1 ||    30
Dodge: Dodged            |    79 |    98 |   209 |   164 ||   550
